 Dungeon Crawl Stone Soup version 0.25-b1-46-gb8a1ec05df (webtiles) character file.

Game seed: 10594946654072564444

3496 xccam the Grappler (level 9, 0/72 HPs)
             Began as a Demonspawn Gladiator on June 11, 2020.
             Was an Elder of Fedhas.
             Killed from afar by an electric eel (6 damage)
             ... with a bolt of electricity
             ... on level 8 of the Dungeon.
             The game lasted 00:14:41 (8095 turns).

xccam the Grappler (Demonspawn Gladiator)           Turns: 8095, Time: 00:14:41

Health: 0/72       AC: 14    Str: 17    XL:     9   Next: 80%
Magic:  11/11      EV: 19    Int: 11    God:    Fedhas [****..]
Gold:   593        SH:  0    Dex: 20    Spells: 8/8 levels left

rFire    . . .     SeeInvis .     - Unarmed
rCold    . . .     Gourm    .   (no shield)
rNeg     . . .     Faith    .   C - +0 scale mail
rPois    .         Spirit   .   b - +1 helmet
rElec    .         Reflect  .   y - +0 cloak
rCorr    .         Harm     .   a - +0 pair of gloves
MR       .....     Rnd*Tele +   (no boots)
Stlth    ..........             (no amulet)
HPRegen  0.22/turn              g - +6 ring of dexterity
MPRegen  0.12/turn              r - ring of teleportation (curse)

@: agile
A: hooves 2, rugged brown scales 2, demonic guardian 1, powered by pain 1
a: Wall of Briars, Grow Ballistomycete, Overgrow, Renounce Religion


You were on level 8 of the Dungeon.
You worshipped Fedhas.
Fedhas was greatly pleased with you.
You were not hungry.

You visited 1 branch of the dungeon, and saw 8 of its levels.

You collected 593 gold pieces.

Inventory:

Missiles
 c - 3 throwing nets (quivered)
Armour
 a - a +0 pair of gloves (worn)
 b - a +1 helmet (worn)
 y - a +0 cloak (worn)
 C - a +0 scale mail (worn)
Jewellery
 g - a +6 ring of dexterity (left hand)
 h - an uncursed ring of fire
 r - a cursed ring of teleportation (right hand)
Wands
 f - a wand of paralysis (3)
 v - a wand of enslavement (8)
 x - a wand of polymorph (21)
Scrolls
 e - 5 scrolls of immolation
 j - 2 scrolls of amnesia
 k - 4 scrolls of teleportation
 q - 2 scrolls of fear
 u - 2 scrolls of remove curse
 A - a scroll of enchant armour
Potions
 i - a potion of brilliance
 l - 5 potions of curing
 m - 2 potions of stabbing
 n - a potion of invisibility
 s - a potion of flight {unknown}
 t - a potion of berserk rage
 z - a potion of mutation {unknown}
Comestibles
 d - 20 rations
 p - 9 chunks of flesh


   Skills:
 + Level 6.1 Fighting
 - Level 1.7 Throwing
 + Level 5.2 Armour
 + Level 6.0 Dodging
 + Level 8.9 Unarmed Combat
 + Level 3.6 Invocations


You had 8 spell levels left.
You didn't know any spells.
Your spell library contained the following spells:

 Spells                   Type           Power        Failure   Level  Hunger
 Corona                   Hex            #......      73%         1    ##.....
 Summon Small Mammal      Summ           #...         73%         1    ##.....
 Call Imp                 Summ           #.......     86%         2    ###....
 Ensorcelled Hibernation  Hex/Ice        #.....       86%         2    ###....
 Call Canine Familiar     Summ           #.......     97%         3    ####...
 Confusing Touch          Hex            #.......     97%         3    ####...
 Dazzling Flash           Conj/Hex       #.....       97%         3    ####...
 Summon Guardian Golem    Hex/Summ       #.......     97%         3    ####...
 Tukima's Dance           Hex            #.......     97%         3    ####...
 Summon Ice Beast         Ice/Summ       #.......     100%        4    #####..
 Summon Lightning Spire   Summ/Air       #.......     100%        4    #####..


Dungeon Overview and Level Annotations

Branches:
Dungeon (8/15)             Temple (0/1) D:7            Lair (0/6) D:8

Altars:
Dithmenos
Fedhas
Gozag
Kikubaaqudgha
Nemelex Xobeh
Ru

Shops:
D:5 **


Innate Abilities, Weirdness & Mutations

You have hoof-like feet.
You are mostly covered in rugged brown scales. (AC +2, +5% HP)
A weak demonic guardian rushes to your aid.
You sometimes gain a little power by taking damage.


Message History

You focus on the pain.
You feel agile all of a sudden.
Things that are here:
a chunk of flesh; an electric eel skeleton The electric eel shoots out a bolt of lightning at you!
The bolt of electricity misses you.
Unknown command.
The electric eel shoots out a bolt of lightning at you!
The bolt of electricity hits you!
* * * LOW HITPOINT WARNING * * *
Unknown command.
The electric eel shoots out a bolt of lightning at you!
The bolt of electricity hits you!
* * * LOW HITPOINT WARNING * * *
Unknown command.
You feel better.
The electric eel shoots out a bolt of lightning at you!
The bolt of electricity hits you.
You die...
Fedhas appreciates your contribution to the ecosystem.

##....#<.....≈.≈.
####.......≈.≈≈≈≈≈.≈.≈≈.
##......##≈..≈≈≈≈≈≈≈≈≈...
#.......#.≈≈≈≈≈≈≈≈≈≈≈≈...
........#.≈≈≈≈≈.≈.≈.≈≈≈≈.#
[......>..≈≈≈≈≈≈....≈≈≈!.#
.......#..≈≈≈≈≈≈.>.≈.≈≈..#
.......#..≈≈≈≈≈;....≈≈$..#
.[>.......≈≈≈≈≈≈@...≈≈≈..#
........#..≈≈≈≈.≈...≈≈≈..#
.......###..≈≈≈≈≈..≈≈≈.[.#
.......###..≈≈≈≈%.%≈≈≈...#
.#......##....≈≈≈.÷≈≈≈≈...
[)....#.##...≈≈≈≈.≈≈≈≈≈...
)[....#.##..≈.≈≈≈.≈.≈≈....
...##.........≈≈≈.≈.≈≈....
......#.##.≈≈..≈≈.≈.≈.....


You could see an electric eel.

Vanquished Creatures
  A troll (D:8)
  A spriggan (D:7)
  A water moccasin (D:5)
  2 ice beasts
  A sky beast (D:6)
  3 orc warriors
  2 black bears (D:6)
  2 ogres (D:6)
  3 wolves
  2 phantoms
  4 bullfrogs
  A scorpion (D:6)
  3 wights (D:5)
  3 electric eels (D:8)
  A vampire bat (D:5)
  2 bullfrog zombies (D:6)
  3 crimson imps
  A centaur zombie (D:5)
  3 hounds
  2 orc priests
  Crazy Yiuf (D:6)
  2 bullfrog skeletons
  2 jellies
  An orc wizard (D:4)
  4 worker ants
  A killer bee zombie (D:7)
  A hound skeleton (D:4)
  A howler monkey zombie (D:7)
  13 adders
  5 gnolls
  A shadow imp (D:8)
  6 oozes
  2 worms
  A dart slug (D:3)
  5 leopard geckos
  20 orcs
  3 ball pythons
  3 bat skeletons (D:5)
  3 bat zombies (D:5)
  8 giant cockroaches
  8 goblins
  7 hobgoblins
  10 jackals (D:2)
  A quokka (D:5)
  6 bats
  3 frilled lizards
  9 kobolds
  A leopard gecko skeleton (D:4)
  A quokka skeleton (D:8)
  13 rats
183 creatures vanquished.

Vanquished Creatures (collateral kills)
  2 wolves (D:8)
  An ogre (D:6)
  A centaur skeleton (D:8)
  3 orcs (D:8)
7 creatures vanquished.

Grand Total: 190 creatures vanquished

Notes
Turn   | Place    | Note
-------+----------+-------------------------------------------
     0 | D:1      | xccam the Demonspawn Gladiator began the quest for the Orb.
     0 | D:1      | Reached XP level 1. HP: 16/16 MP: 1/1
   113 | D:1      | Reached skill level 3 in Unarmed Combat
   243 | D:1      | Gained mutation: You have large cloven feet. [demonic
                  | ancestry]
   243 | D:1      | Reached XP level 2. HP: 20/22 MP: 2/2
   750 | D:2      | Reached skill level 4 in Unarmed Combat
   750 | D:2      | Reached XP level 3. HP: 10/27 MP: 3/3
  1518 | D:2      | Gained mutation: You are partially covered in rugged brown
                  | scales. (AC +1, +3% HP) [demonic ancestry]
  1518 | D:2      | Reached XP level 4. HP: 26/33 MP: 4/4
  1799 | D:3      | Found a sacrificial altar of Ru.
  1844 | D:3      | Found a faded altar of an unknown god.
  1896 | D:3      | Became a worshipper of Fedhas Madash
  1896 | D:3      | Reached * piety under Fedhas
  2230 | D:3      | Paralysed by a gnoll for 7 turns
  2258 | D:3      | Reached skill level 5 in Unarmed Combat
  2338 | D:3      | Reached XP level 5. HP: 30/39 MP: 5/5
  2967 | D:4      | Noticed an orc warrior
  2973 | D:4      | Killed an orc warrior
  2973 | D:4      | Reached skill level 6 in Unarmed Combat
  2982 | D:4      | Gained mutation: You have hoof-like feet. [demonic
                  | ancestry]
  2982 | D:4      | Reached XP level 6. HP: 45/45 MP: 6/6
  3110 | D:4      | Reached ** piety under Fedhas
  3844 | D:5      | Entered Level 5 of the Dungeon
  3965 | D:5      | Reached skill level 7 in Unarmed Combat
  4323 | D:5      | Found Peer's Serpentskin Sales.
  4323 | D:5      | Noticed a water moccasin
  4330 | D:5      | Killed a water moccasin
  4330 | D:5      | Reached skill level 1 in Armour
  4330 | D:5      | Gained mutation: You are mostly covered in rugged brown
                  | scales. (AC +2, +5% HP) [demonic ancestry]
  4330 | D:5      | Reached XP level 7. HP: 27/53 MP: 7/7
  4631 | D:5      | Found Wnatimux's Whimsical Warehouse.
  4640 | D:5      | Found a shadowy altar of Dithmenos.
  4764 | D:5      | Found a sparkling altar of Nemelex Xobeh.
  4880 | D:5      | Found an ancient bone altar of Kikubaaqudgha.
  5127 | D:6      | Reached *** piety under Fedhas
  5147 | D:6      | Gained mutation: A weak demonic guardian rushes to your
                  | aid. [demonic ancestry]
  5147 | D:6      | Reached XP level 8. HP: 25/61 MP: 8/8
  5656 | D:6      | Reached skill level 8 in Unarmed Combat
  5901 | D:6      | Found a blossoming altar of Fedhas.
  6094 | D:6      | Found a runed translucent door.
  6095 | D:6      | Noticed Crazy Yiuf
  6105 | D:6      | Killed Crazy Yiuf
  6294 | D:6      | Reached skill level 5 in Fighting
  6294 | D:6      | Reached skill level 5 in Dodging
  6480 | D:7      | Gained mutation: You sometimes gain a little power by
                  | taking damage. [demonic ancestry]
  6480 | D:7      | Reached XP level 9. HP: 70/71 MP: 9/9
  6632 | D:7      | Found an opulent altar of Gozag.
  6666 | D:7      | Found a staircase to the Ecumenical Temple.
  7114 | D:8      | Reached skill level 1 in Invocations
  7458 | D:8      | Reached **** piety under Fedhas
  7797 | D:8      | Reached skill level 5 in Armour
  7805 | D:8      | Noticed a troll
  7813 | D:8      | Killed a troll
  8075 | D:8      | Found a staircase to the Lair.
  8094 | D:8      | HP: 1/72 [electric eel/bolt of electricity (9)]
  8095 | D:8      | Killed from afar by an electric eel

Illustrated notes

Levels and vault maps discovered:
D:1:      ncdulo_halloftheorcs, layout_basic
D:2:      layout_loops_cross, first_ration
D:3:      layout_loops_ring, nicolae_ru_sacrificial_ziggurat,
          gup_sewer_entry_bowl, chequers_ecumenical_altar_simple
D:4:      layout_loops_cross, minmay_close_crescents
D:5:      layout_basic, old_standard_altar, nemelex_altar_shiori,
          kennysheep_vampire_church, nicolae_alphabet_shops, guppyfry_shop_venom
D:6:      layout_rooms, fedhas_altar_fruit_tree, uniq_crazy_yiuf_cottage
D:7:      layout_rooms, nicolae_gozag_seed_capital, minmay_temple_entry_wispy,
          the_bakery
D:8:      layout_rooms, makhleb_heckhound_becter, erik_lair_island,
          enter_bailey_7, minmay_misc_feat_pillars

Skill      XL: |  1  2  3  4  5  6  7  8  9 |
---------------+----------------------------+-----
Unarmed Combat | 3 4 5 6 7 8 |  8.9
Armour         | 1 2 4 5 |  5.2
Dodging        | 3 5 6 |  6.0
Fighting       | 3 5 6 |  6.1
Invocations    | 3 |  3.6
Throwing       | |  1.7

Action                   |  1- 3 |  4- 6 |  7- 9 || total
-------------------------+-------+-------+-------++-------
Melee: Unarmed           |   130 |   183 |   315 ||   628
       Kick              |    21 |    62 |   126 ||   209
       Punch             |       |     5 |    20 ||    25
Invok: Wall of Briars    |       |       |     1 ||     1
  Use: Scroll            |       |    10 |     6 ||    16
       Potion            |       |     4 |     2 ||     6
 Stab: Sleeping          |       |     1 |     2 ||     3
       Distracted        |       |       |     4 ||     4
  Eat: Chunk             |     2 |     9 |    12 ||    23
Armor: Leather armour    |    47 |    48 |    39 ||   134
       Scale mail        |       |       |    55 ||    55
Dodge: Dodged            |   102 |   108 |   230 ||   440
